 Dungeon Crawl Stone Soup version 0.32-a0-814-g0968bab981 (webtiles) character file.

Game seed: 15933416334243740757

4927 dialectric the Trooper (level 10, 0/77 HPs)
             Began as a Demonspawn Artificer on Mar 23, 2024.
             Killed from afar by Maggie (17 damage)
             ... with a bolt of fire
             ... on level 8 of the Dungeon.
             The game lasted 00:08:50 (7294 turns).

dialectric the Trooper (Demonspawn Artificer)       Turns: 7294, Time: 00:08:51

Health: 0/77       AC: 12    Str: 23    XL:     10   Next: 27%
Magic:  10/10      EV: 12    Int: 11    God:
Gold:   427        SH:  5    Dex: 14    Spells: 9/9 levels left

rFire   . . .        q - +2 whip (venom)
rCold   . . .        (no shield)
rNeg    . . .        r - +2 scale mail "Binnot" {-Tele rPois rCorr}
rPois   +            (helmet restricted)
rElec   .            n - +0 cloak
rCorr   +            (no gloves)
SInv    .            (no boots)
Will    +....        x - amulet of reflection
Stlth   ++           s - ring of willpower
HPRegen 0.32/turn    w - +6 ring of strength
MPRegen 0.12/turn

%: no teleportation, reflection
@: mesmerised
A: antennae 1, spiny 2, sharp scales 1
a: no special abilities


You were on level 8 of the Dungeon.
You visited 1 branch of the dungeon, and saw 8 of its levels.

You collected 455 gold pieces.
You spent 28 gold pieces at shops.

Inventory:

Hand Weapons
 f - a +0 spear
 q - a +2 whip of venom (weapon)
Missiles
 h - 4 atropa-tipped darts
 o - 14 poisoned darts
Armour
 i - a +1 scale mail of poison resistance
 n - a +0 cloak (worn)
 r - the +2 scale mail "Binnot" (worn) {-Tele rPois rCorr}
   (You found it on level 2 of the Dungeon)

   rPois:     It protects you from poison.
   -Tele:     It prevents most forms of teleportation.
   rCorr:     It protects you from acid and corrosion.
 u - an orb of wrath
 B - a +0 helmet
Jewellery
 s - a ring of willpower (left hand)
 w - a +6 ring of strength (right hand)
 x - an amulet of reflection (around neck)
 y - a ring of resist corrosion
 C - a ring of poison resistance
 D - a +6 ring of strength
 E - an amulet of magic regeneration
 F - a +6 ring of intelligence
Wands
 c - a wand of flame (34) (quivered)
 d - a wand of charming (28)
 e - a wand of iceblast (5)
Scrolls
 a - a scroll of teleportation {unknown}
 b - 2 scrolls of amnesia {unknown}
 g - a scroll of fog {unknown}
 j - a scroll of summoning {unknown}
 k - a scroll of blinking {unknown}
 l - 2 scrolls of enchant weapon {unknown}
 m - a scroll of revelation {unknown}
 v - a scroll of silence {unknown}
 G - a scroll of acquirement {unknown}
Potions
 p - 3 potions of curing
 t - 3 potions of heal wounds
 z - 2 potions of enlightenment
 A - a potion of invisibility


   Skills:
 + Level 6.9 Fighting
 * Level 6.4 Maces & Flails
 + Level 6.6 Armour
 + Level 6.3 Dodging
 - Level 5.1 Stealth
 - Level 4.0 Evocations


You had 9 spell levels left.
You didn't know any spells.
Your spell library contained the following spells:

 Spells                   Type           Power      Damage    Failure   Level
 Magic Dart               Conj           0%         1d3       63%         1
 Cigotuvi's Dreadful Rot  Necr/Alch/Air  0%         N/A       77%         2
 Lesser Beckoning         Tloc           0%         N/A       77%         2
 Searing Ray              Conj           0%         2d4       77%         2
 Call Canine Familiar     Summ           0%         N/A       94%         3
 Gell's Gravitas          Tloc           0%         N/A       94%         3
 Sigil of Binding         Hex            0%         N/A       94%         3
 Teleport Other           Tloc           0%         N/A       94%         3
 Dimensional Bullseye     Hex/Tloc       0%         N/A       100%        4
 Dispel Undead            Necr           0%         3d6       100%        4
 Fulminant Prism          Conj/Alch      0%         3d5       100%        4
 Martyr's Knell           Necr/Summ      0%         N/A       100%        4
 Sculpt Simulacrum        Ice/Alch       0%         N/A       100%        6
 Ozocubu's Refrigeration  Ice            0%         4d7       100%        7
 Polar Vortex             Ice            0%         N/A       100%        9


Dungeon Overview and Level Annotations

Branches:
Dungeon (8/15)             Temple (0/1) D:6
   Lair: D:8-11

Altars:
Ashenzari
Kikubaaqudgha
Makhleb
Nemelex Xobeh
Okawaru
Qazlal
Sif Muna
Vehumet
Xom
Yredelemnul

Shops:
D:3 *   D:8 *

Annotations:
D:5 3 runed translucent doors, Jigsaw's ghost, weakling GnDe
D:8 Maggie


Innate Abilities, Weirdness & Mutations

You have a pair of small antennae on your head.
You are mostly covered in sharp spines.
You are partially covered in razor-sharp scales. (AC +1, Slay +1)


Message History

Maggie attempts to bespell you! You resist with almost no effort.
You hit Maggie.
Maggie looks as sick as possible!
Maggie is moderately wounded.
Maggie hits you with a +1 scimitar of protection!
You barely miss Maggie.
Maggie is moderately wounded.
Maggie gives herself a magical halo, but it quickly sputters out.
Maggie hits you with a +1 scimitar of protection!
You closely miss Maggie.
Maggie is moderately wounded.
Maggie mumbles some strange words.
Maggie attempts to bespell you!
You are mesmerised by Maggie!
You hit Maggie but do no damage.
Maggie looks as sick as possible!
Maggie is moderately wounded.
You closely miss Maggie.
Maggie is heavily wounded.
Maggie casts a spell at you. The bolt of fire hits you!!
You whack Maggie!
Maggie looks as sick as possible!
Maggie is heavily wounded.
Maggie zaps a wand.
The puff of flame hits you!
* * * LOW HITPOINT WARNING * * *
You hit Maggie but do no damage.
Maggie is heavily wounded.
Maggie hits you with a +1 scimitar of protection.
* * * LOW HITPOINT WARNING * * *
Unknown command.
You are too injured to fight recklessly!
You closely miss Maggie.
Maggie is severely wounded.
Maggie zaps a wand.
The puff of flame misses you.
You are too injured to fight recklessly!
You barely miss Maggie.
Maggie is severely wounded.
You whack Maggie!
Maggie looks as sick as possible!
Maggie is severely wounded.
Maggie gestures at you while chanting. The bolt of fire hits you!
You die...

#.# #...### #_# #...# #
#####...# #......#
##......# #...#####
#########.#.....###
###.##.........###...#..
......@@.....####.......
......).###..# #........
$.......# +..# #..<.....
..$.....# #..# #........
####..... ..###~..~.....
#........# #..~~~)...
##.####### ##.~.~.~#. #.
#.....#.. #.......#


You could see Maggie (mesmerising, extremely poisoned).

Vanquished Creatures
  Grinder (D:3)
  Sigmund (D:3)
  Grum (D:8)
  Eustachio (D:4)
  A steam dragon (D:7)
  2 ice beasts (D:7)
  3 orc warriors
  2 sky beasts
  A hornet zombie (D:7)
  4 ogres
  A black bear (D:6)
  3 wolves (D:8)
  A phantom (D:4)
  A centaur (D:8)
  A kobold brigand (D:6)
  Blork the orc (D:4)
  4 bullfrogs
  3 wyvern zombies (D:7)
  A gnoll sergeant (D:7)
  2 scorpions
  A burial acolyte (D:8)
  6 wights (D:7)
  A bullfrog zombie (D:7)
  2 centaur zombies (D:7)
  A bombardier beetle (D:5)
  5 hounds
  7 jellies
  4 orc priests
  Ijyb (D:3)
  A sleepcap (D:7)
  Jessica (D:2)
  2 iguanas
  Natasha (thrice) (D:3)
  14 orc wizards
  2 killer bee zombies (D:7)
  Robin (D:3)
  A howler monkey zombie (D:7)
  7 gnolls
  5 adders
  A white imp (D:8)
  2 adder zombies (D:8)
  A ribbon worm (D:2)
  2 dart slugs
  38 orcs
  6 ball pythons
  5 bats
  4 endoplasms
  17 goblins
  5 hobgoblins
  3 jackals (D:1)
  8 kobolds
  2 quokkas
  A frilled lizard (D:2)
  A jackal zombie (D:8)
  4 rats
200 creatures vanquished.

Notes
Turn   | Place    | Note
-------+----------+-------------------------------------------
     0 | D:1      | dialectric the Demonspawn Artificer began the quest for the
                  | Orb.
     0 | D:1      | Reached XP level 1. HP: 15/15 MP: 1/1
   181 | D:1      | Reached skill level 1 in Dodging
   181 | D:1      | Reached skill level 1 in Stealth
   311 | D:1      | Gained mutation: You are partially covered in sharp spines.
                  | [demonic ancestry]
   311 | D:1      | Reached XP level 2. HP: 21/21 MP: 2/2
   914 | D:2      | Gained mutation: You are mostly covered in sharp spines.
                  | [demonic ancestry]
   914 | D:2      | Reached XP level 3. HP: 22/26 MP: 3/3
   931 | D:2      | Found a faded altar of an unknown god.
  1026 | D:2      | Noticed Jessica
  1031 | D:2      | Killed Jessica
  1032 | D:2      | Reached XP level 4. HP: 23/33 MP: 4/4
  1249 | D:2      | Identified the +2 scale mail "Binnot" {-Tele rPois rCorr}
  1323 | D:3      | Noticed Natasha
  1328 | D:3      | Killed Natasha
  1375 | D:3      | Reached skill level 1 in Maces & Flails
  1415 | D:3      | Noticed Grinder
  1427 | D:3      | Killed Grinder
  1428 | D:3      | Reached XP level 5. HP: 24/39 MP: 5/5
  1428 | D:3      | Reached XP level 6. HP: 28/46 MP: 6/6
  1428 | D:3      | Noticed Sigmund
  1441 | D:3      | Killed Sigmund
  1588 | D:3      | Found Yqaam's Assorted Antiques.
  1641 | D:3      | Noticed Natasha
  1643 | D:3      | Killed Natasha
  1783 | D:3      | Noticed Ijyb
  1797 | D:3      | Killed Ijyb
  1798 | D:3      | Gained mutation: You have a pair of small antennae on your
                  | head. [demonic ancestry]
  1798 | D:3      | Reached XP level 7. HP: 48/52 MP: 7/7
  2006 | D:3      | Noticed Natasha
  2013 | D:3      | Killed Natasha
  2309 | D:4      | Noticed Robin
  2317 | D:3      | Killed Robin
  2413 | D:4      | Found a shimmering blue altar of Sif Muna.
  2442 | D:4      | Noticed Blork the orc
  2463 | D:4      | Killed Blork the orc
  2565 | D:4      | Found a burning altar of Makhleb.
  2660 | D:4      | Found a basalt altar of Yredelemnul.
  2661 | D:4      | Found a radiant altar of Vehumet.
  2698 | D:4      | Noticed Eustachio
  2715 | D:4      | Killed Eustachio
  2716 | D:4      | Reached XP level 8. HP: 49/60 MP: 8/8
  2956 | D:4      | Found a sparkling altar of Nemelex Xobeh.
  2997 | D:5      | Entered Level 5 of the Dungeon
  3018 | D:5      | Found an iron altar of Okawaru.
  3607 | D:5      | Found a runed translucent gate.
  3608 | D:5      | Found a runed translucent gate.
  3608 | D:5      | Noticed Jigsaw's ghost (weakling GnDe)
  3609 | D:5      | Found a runed translucent gate.
  4001 | D:6      | Reached skill level 5 in Fighting
  4127 | D:6      | Reached skill level 5 in Armour
  4127 | D:6      | Found a shimmering altar of Xom.
  4347 | D:6      | Reached XP level 9. HP: 27/68 MP: 9/9
  4539 | D:6      | Found a broken altar of Ashenzari.
  4896 | D:6      | Found a staircase to the Ecumenical Temple.
  5027 | D:6      | Found a stormy altar of Qazlal.
  5189 | D:7      | Reached skill level 5 in Dodging
  5278 | D:7      | Reached skill level 5 in Stealth
  5690 | D:7      | Reached skill level 5 in Maces & Flails
  6315 | D:7      | Gained mutation: You are partially covered in razor-sharp
                  | scales. (AC +1, Slay +1) [demonic ancestry]
  6315 | D:7      | Reached XP level 10. HP: 70/77 MP: 10/10
  6971 | D:8      | Noticed Grum
  6985 | D:8      | Killed Grum
  7051 | D:8      | Found Zociru's Assorted Antiques.
  7072 | D:8      | Bought a scroll labelled TUSASK MOLAOR for 28 gold pieces
  7132 | D:8      | Found an ancient bone altar of Kikubaaqudgha.
  7268 | D:8      | Noticed Maggie
  7294 | D:8      | Killed from afar by Maggie

Illustrated notes

Levels and vault maps discovered:
D:1:      co_arrival_two_rings, layout_basic, chequers_serial_rivers_micro_c
D:2:      layout_loops_ring, ebering_ecumenical_altar_sacrificial, uniq_jessica
D:3:      layout_basic, serial_shops, shop, corexii_corridor_pit, minivault_14,
          corner_web_ring, uniq_grinder, uniq_ijyb, uniq_natasha, uniq_sigmund
D:4:      layout_rooms, lemuel_coloured_pillars_altar,
          gammafunk_temple_overflow_pools, mainiacjoe_overflow_brackets,
          makhleb_heckhound_becter, uniq_blork_the_orc, uniq_eustachio,
          uniq_robin
D:5:      layout_loops_cross, overflow_temple_1_default,
          gammafunk_ghost_nasty_kobolds, serial_library_regret_index_split_case
D:6:      layout_loops_cross, kennysheep_little_box,
          mainiacjoe_overflow_boulevard, nicolae_ashenzari_panopticon,
          minmay_temple_entry_statues_fountains
D:7:      layout_basic, serial_undead, serial_undead_e, serial_undead_d,
          serial_undead_f, serial_undead_d
D:8:      layout_rooms, kennysheep_mini_moat, lemuel_zombie_altar_kikubaaqudgha,
          serial_shops, shop, serial_rivers, chequers_serial_rivers_micro_c,
          chequers_serial_rivers_large_b, chequers_serial_rivers_small_a,
          chequers_serial_rivers_small_b, chequers_serial_rivers_room_b,
          kennysheep_generic_room_5, uniq_grum, uniq_maggie

Skill      XL: |  1  2  3  4  5  6  7  8  9 10 |
---------------+-------------------------------+-----
Dodging        | 1 2 3 4 6 |  6.3
Stealth        | 1 2 3 4 5 |  5.1
Armour         | 2 3 4 5 6 |  6.6
Fighting       | 2 3 4 5 6 |  6.9
Maces & Flails | 1 2 3 4 5 6 |  6.4
Evocations     | 4 |  4.0

Action                     |  1- 3 |  4- 6 |  7- 9 | 10-12 || total
---------------------------+-------+-------+-------+-------++-------
  Melee: Spear             |    75 |       |       |       ||    75
         Whip              |     7 |    48 |   399 |   110 ||   564
  Evoke: Wand              |       |       |     1 |       ||     1
    Use: Scroll            |       |       |     4 |       ||     4
   Stab: Sleeping          |       |       |       |     1 ||     1
 Armour: Leather armour    |     7 |       |       |       ||     7
         Scale mail        |    36 |    20 |   266 |    57 ||   379
  Dodge: Dodged            |    29 |    16 |   178 |    51 ||   274
  Block: Other             |       |       |    69 |    23 ||    92
         Reflection        |       |       |     3 |       ||     3

Table legend: (Time is in decaauts)
 A = Elapsed time spent in this place.
 B = Non-inter-level travel time spent in this place.
 C = Inter-level travel time spent in this place.
 D = Time resting spent in this place.
 E = Time spent auto-exploring this place.
 F = Levels seen in this place.
 G = Mean time per level.
                   A        B        C        D        E       F      G
               +--------+--------+--------+--------+--------+-----+--------+
         Total |   7263 |   7033 |    230 |    563 |   5108 |   8 |  907.9 |
       Dungeon |   7263 |   7033 |    230 |    563 |   5108 |   8 |  907.9 |
               +--------+--------+--------+--------+--------+-----+--------+

Top non-repeatable levels by time:
     D:6: 1260 daAuts
     D:7: 1249 daAuts
     D:3: 994 daAuts
     D:5: 904 daAuts
     D:8: 847 daAuts
     D:2: 813 daAuts
     D:4: 675 daAuts
     D:1: 517 daAuts
